 Dungeon Crawl Stone Soup version 0.30-a0-218-gedb9141078 (webtiles) character file.

Game seed: 12880500212984315730

18 LnG the Caller (level 2, -4/15 HPs)
             Began as a Kobold Summoner on Oct 5, 2022.
             Slain by Natasha (7 damage)
             ... on level 2 of the Dungeon.
             The game lasted 00:03:25 (736 turns).

LnG the Caller (Kobold Summoner)                     Turns: 736, Time: 00:03:26

Health: -4/15      AC:  3    Str:  5    XL:     2   Next: 85%
Magic:  2/5        EV: 15    Int: 16    God:
Gold:   14         SH:  0    Dex: 15    Spells: 2/5 levels left

rFire   . . .      SeeInvis .    d - +4 mace (vorpal)
rCold   . . .      Faith    .    (no shield)
rNeg    . . .      Spirit   .    a - +0 robe
rPois   .          Reflect  .    h - +0 helmet
rElec   .          Harm     .    (no cloak)
rCorr   .          Rampage  .    (no gloves)
Will    .....                    (no boots)
Stlth   +++.......               (no amulet)
HPRegen 0.22/turn                (no ring)
MPRegen 0.09/turn                (no ring)

@: no status effects
A: small, no large weapons, nightstalker 3
a: no special abilities


You were on level 2 of the Dungeon.
You visited 1 branch of the dungeon, and saw 2 of its levels.

You collected 14 gold pieces.

Inventory:

Hand Weapons
 d - a +4 vorpal mace (weapon)
 f - a +0 short sword
 i - a +0 dagger
Armour
 a - a +0 robe (worn)
 h - a +0 helmet (worn)
Scrolls
 c - a scroll of torment {unknown}
 e - a scroll of identify {unknown}
 g - a scroll of blinking {unknown}
Potions
 b - 2 potions of magic


   Skills:
 * Level 0.7 Short Blades
 + Level 2.5 Dodging
 * Level 3.0 Stealth
 + Level 2.3 Spellcasting
 + Level 4.4 Summonings


You had 2 spell levels left.
You knew the following spells:

 Your Spells              Type           Power      Damage    Failure   Level
a - Summon Small Mammal   Summ           64%        N/A       3%          1
b - Call Imp              Summ           16%        N/A       4%          2

Your spell library contained the following spells:

 Spells                   Type           Power      Damage    Failure   Level
 Freeze                   Ice            4%         1d3       21%         1
 Call Canine Familiar     Summ           16%        N/A       10%         3
 Summon Guardian Golem    Hex/Summ       8%         N/A       24%         3
 Frozen Ramparts          Ice            2%         1d1       52%         3
 Hailstorm                Conj/Ice       1%         3d3       52%         3
 Summon Lightning Spire   Summ/Air       8%         N/A       63%         4


Dungeon Overview and Level Annotations

Branches:
Dungeon (2/15)

Altars:

Shops:
D:1 =

Annotations:
D:2 Natasha


Innate Abilities, Weirdness & Mutations

You are small and have problems with some larger weapons.
You are completely attuned to the shadows.


Message History

You open the door.
There is an open door here.
Things that are here:
3 stones; a kobold corpse You see here 6 stones.
Done exploring.
Done exploring.
You see here a quokka corpse.
You see here 6 stones.
There is a stone staircase leading down here.
You climb downwards.
Found 4 gold pieces.
There is a stone staircase leading up here.
You now have 14 gold pieces (gained 4).
A hobgoblin comes into view.
The helpless hobgoblin fails to defend itself.
You sock the hobgoblin!
You kill the hobgoblin!
No target in view!
No target in view!
Natasha, Servant of Life and Death comes into view.
Natasha is nearby!
The helpless Natasha fails to defend herself.
You hit Natasha.
Natasha is lightly wounded.
Natasha claws you.
Casting: Summon Small Mammal (safe; 3% risk of failure)
Confirm with . or Enter, or press ? or * to list all spells.
You don't know that spell.
Casting: Summon Small Mammal (safe; 3% risk of failure)
Confirm with . or Enter, or press ? or * to list all spells.
A shadowy apparition takes form in the air.
Natasha barely misses you.
Casting: Call Imp (safe; 4% risk of failure)
Confirm with . or Enter, or press ? or * to list all spells.
Natasha claws you.
* * * LOW HITPOINT WARNING * * *
Your shadow imp misses Natasha.
Your rat barely misses Natasha.
Natasha claws you!
You die...

#####
##...##
.####.....#
..........#
#..5hr...#
###.#@...###
#.##.....#
#.####.#.#
#..<.....#
#.###.####
.. ..... .
###.#.#
....#


You could see Natasha (ally target), a friendly shadow imp (summoned) and a
friendly rat (summoned).

Vanquished Creatures
  A dart slug (D:1)
  A ball python (D:1)
  An endoplasm (D:1)
  A giant cockroach (D:1)
  A hobgoblin (D:2)
  A quokka (D:1)
  A frilled lizard (D:1)
  4 kobolds (D:1)
  2 rats (D:1)
13 creatures vanquished.

Vanquished Creatures (collateral kills)
  A ball python (D:1)
  An endoplasm (D:1)
  A frilled lizard (D:1)
3 creatures vanquished.

Grand Total: 16 creatures vanquished

Notes
Turn   | Place    | Note
-------+----------+-------------------------------------------
     0 | D:1      | LnG the Kobold Summoner began the quest for the Orb.
     0 | D:1      | Reached XP level 1. HP: 10/10 MP: 3/3
    25 | D:1      | Found Zele's Jewellery Boutique.
   256 | D:1      | Reached XP level 2. HP: 12/15 MP: 5/5
   259 | D:1      | Learned a level 2 spell: Call Imp
   728 | D:2      | Noticed Natasha
   736 | D:2      | Slain by Natasha

Illustrated notes

Levels and vault maps discovered:
D:1:      minmay_arrival_solitary_statue, layout_basic, serial_shops, shop
D:2:      layout_loops_cross, nicolae_concentric_dashed_squares_mild,
          grunt_ministairs_9, amcnicky_mini_rare_corridor_liquid, uniq_natasha

Skill      XL: |  1  2 |
---------------+-------+-----
Stealth        | 3 |  3.0
Short Blades   | |  0.7
Dodging        | |  2.5
Spellcasting   | |  2.3
Summonings     | |  4.4

Action                   || total
-------------------------++-------
Melee: Mace              ||    30
       Punch             ||     1
 Cast: Summon Small Mamm ||     6
       Call Imp          ||     1
 Stab: Sleeping          ||     4
Armor: Robe              ||     2
Dodge: Dodged            ||    18

Table legend: (Time is in decaauts)
 A = Elapsed time spent in this place.
 B = Non-inter-level travel time spent in this place.
 C = Inter-level travel time spent in this place.
 D = Time resting spent in this place.
 E = Time spent auto-exploring this place.
 F = Levels seen in this place.
 G = Mean time per level.
                   A        B        C        D        E       F      G
               +--------+--------+--------+--------+--------+-----+--------+
         Total |    746 |    716 |     30 |      0 |    568 |   2 |  373.0 |
       Dungeon |    746 |    716 |     30 |      0 |    568 |   2 |  373.0 |
               +--------+--------+--------+--------+--------+-----+--------+

Top non-repeatable levels by time:
     D:1: 729 daAuts
     D:2: 16 daAuts
